 Dungeon Crawl Stone Soup version 0.28-a0-1184-g53156a8862 (webtiles) character file.

Game seed: 7637316168519404196

238 coolguy420 the Conjurer (level 5, -1/28 HPs)
             Began as a Deep Elf Conjurer on Dec 17, 2021.
             Slain by a scorpion (4 damage)
             ... on level 4 of the Dungeon.
             The game lasted 00:03:22 (2249 turns).

coolguy420 the Conjurer (Deep Elf Conjurer)         Turns: 2249, Time: 00:03:22

Health: -1/28      AC:  2    Str:  4    XL:     5   Next: 78%
Magic:  7/15       EV: 12    Int: 25    God:
Gold:   124        SH:  0    Dex: 13    Spells: 12/15 levels left

rFire   . . .      SeeInvis .   (no weapon)
rCold   . . .      Faith    .   (no shield)
rNeg    . . .      Spirit   .   a - +0 robe
rPois   .          Reflect  .   (no helmet)
rElec   .          Harm     .   e - scarf {repulsion}
rCorr   .          Rampage  .   (no gloves)
Will    .....                   (no boots)
Stlth   ++........              (no amulet)
HPRegen 0.09/turn               (no ring)
MPRegen 0.14/turn               (no ring)

@: lethally poisoned (-1 -> -2), repel missiles
A: no striking features
a: no special abilities


You were on level 4 of the Dungeon.
You visited 1 branch of the dungeon, and saw 4 of its levels.

You collected 124 gold pieces.

Inventory:

Armour
 a - a +0 robe (worn)
 e - a scarf of repulsion (worn)
Wands
 i - a wand of iceblast (11)
Scrolls
 d - 2 scrolls of identify {unknown}
 f - a scroll of teleportation {unknown}
 g - a scroll of enchant weapon {unknown}
 j - a scroll of blinking {unknown}
Potions
 b - a potion of heal wounds {unknown}
 c - 2 potions of flight {unknown}
 h - a potion of attraction {unknown}


   Skills:
 + Level 2.6 Dodging
 + Level 3.3 Stealth
 + Level 5.5 Spellcasting
 + Level 6.3 Conjurations


You had 12 spell levels left.
You knew the following spells:

 Your Spells              Type           Power      Damage    Failure   Level
a - Magic Dart            Conj           100%       1d8       1%          1
b - Searing Ray           Conj           76%        2d7       1%          2

Your spell library contained the following spells:

 Spells                   Type           Power      Damage    Failure   Level
 Static Discharge         Conj/Air       22%        N/A       3%          2
 Dazzling Flash           Conj/Hex       44%        N/A       6%          3
 Fulminant Prism          Conj/Hex       11%        3d9       22%         4
 Iskenderun's Mystic Bla  Conj/Tloc      22%        2d6       22%         4
 Inner Flame              Hex/Fire       6%         N/A       24%         3
 Lightning Bolt           Conj/Air       11%        1d24      52%         5
 Cause Fear               Hex            3%         N/A       61%         4
 Discord                  Hex            3%         N/A       100%        8
 Maxwell's Capacitive Co  Air            3%         ∞         100%        8


Dungeon Overview and Level Annotations

Branches:
Dungeon (3/15)

Altars:
Xom


Message History

The iguana barely misses you. The jackal misses you.
The magic dart hits the iguana but does no damage.
The iguana is heavily wounded.
The jackal bites you. The iguana closely misses you.
A worm comes into view.
The scorpion stings you!
You are poisoned.
The scorpion poisons you! The jackal misses you.
You feel very sick.
An endoplasm comes into view.
You feel sick. The scorpion closely misses you.
A jackal comes into view.
The scorpion closely misses you.
You feel sick. The jackal barely misses you. x2
You feel sick.
The endoplasm quivers.
Found 8 stones.
You feel sick. The jackal misses you.
Casting: Magic Dart (safe; 1% risk of failure)
Confirm with . or Enter, or press ? or * to list all spells.
Aiming: Searing Ray (safe; 1% risk of failure)
Press: ? - help, Shift-Dir - straight line, f/p - iguana
Aim: an iguana (heavily wounded, 83% to hit)
The searing ray hits the jackal!
You kill the jackal!
The searing ray hits the scorpion but does no damage.
The searing ray hits the iguana.
The iguana is severely wounded. (Press . to maintain the ray.)
You feel sick. The endoplasm hits you.
* * * LOW HITPOINT WARNING * * *
The searing ray hits the scorpion.
The scorpion is moderately wounded.
The searing ray hits the iguana.
The iguana is almost dead.
You feel sick. The scorpion barely misses you. The endoplasm freezes you.
You are frozen.
* * * LOW HITPOINT WARNING * * *
The scorpion stings you.
You die...

###### .) ....# ...
....# .... ...###...
#......##. .
##..K...h.. ...
#..........
.....#####...$......
......J@sl.......w.w
(....#####..........
... #.......... .
#..........
##.........
##.....##. #######


You could see a scorpion, an iguana and an endoplasm.

Vanquished Creatures
  Sigmund (D:2)
  3 adders
  7 ball pythons
  4 bats (D:2)
  2 endoplasms
  2 giant cockroaches
  7 goblins
  6 hobgoblins
  5 jackals
  A quokka (D:2)
  5 frilled lizards
  A kobold (D:1)
  6 rats
50 creatures vanquished.

Notes
Turn   | Place    | Note
-------+----------+-------------------------------------------
     0 | D:1      | coolguy420 the Deep Elf Conjurer began the quest for the
                  | Orb.
     0 | D:1      | Reached XP level 1. HP: 10/10 MP: 6/6
   181 | D:1      | Reached XP level 2. HP: 15/15 MP: 4/8
   934 | D:2      | Found a shimmering altar of Xom.
   936 | D:2      | Reached skill level 5 in Conjurations
  1077 | D:2      | Reached XP level 3. HP: 19/19 MP: 8/10
  1732 | D:2      | Noticed Sigmund
  1743 | D:2      | Learned a level 2 spell: Searing Ray
  1755 | D:2      | Killed Sigmund
  1756 | D:2      | Reached skill level 5 in Spellcasting
  1756 | D:2      | Reached skill level 6 in Conjurations
  1756 | D:2      | Reached XP level 4. HP: 19/24 MP: 1/13
  1756 | D:2      | Reached XP level 5. HP: 22/28 MP: 1/15
  2234 | D:3      | You fall into a shaft and drop 1 floor!
  2249 | D:4      | Slain by a scorpion

Illustrated notes

Levels and vault maps discovered:
D:1:      kennysheep_arrival_forest, layout_basic, grunt_decor_mini_mirrors,
          minivault_26, minmay_box_of_dots
D:2:      layout_loops_ring, basic_altar, roderic_roman_lattice, uniq_sigmund
D:3:      layout_loops_ring, hellmonk_ecumenical_altar_inner_sanctum,
          serial_shops, shop
D:4:      layout_rooms, mainiacjoe_overflow_brackets,
          minmay_temple_entry_offerings, kennysheep_generic_room_8

Skill      XL: |  1  2  3 |
---------------+----------+-----
Conjurations   | 5 6 |  6.3
Spellcasting   | 5 |  5.5
Stealth        | 3 |  3.3
Dodging        | |  2.6

Action                   |  1- 3 |  4- 6 || total
-------------------------+-------+-------++-------
 Cast: Magic Dart        |    66 |    16 ||    82
       Searing Ray       |     2 |     1 ||     3
Armor: Robe              |     2 |       ||     2
Dodge: Dodged            |     3 |    12 ||    15

Table legend: (Time is in decaauts)
 A = Elapsed time spent in this place.
 B = Non-inter-level travel time spent in this place.
 C = Inter-level travel time spent in this place.
 D = Time resting spent in this place.
 E = Time spent auto-exploring this place.
 F = Levels seen in this place.
 G = Mean time per level.
                   A        B        C        D        E       F      G
               +--------+--------+--------+--------+--------+-----+--------+
         Total |   2248 |   2179 |     69 |      0 |   1975 |   4 |  562.0 |
       Dungeon |   2248 |   2179 |     69 |      0 |   1975 |   4 |  562.0 |
               +--------+--------+--------+--------+--------+-----+--------+

Top non-repeatable levels by time:
     D:2: 1088 daAuts
     D:1: 934 daAuts
     D:3: 210 daAuts
     D:4: 14 daAuts
